PBL
DETROIT RED WINGS @ WINNIPEG GOLDEYES
08/31/2044
 
TOP OF THE 1ST
Detroit Red Wings batting - Pitching for Winnipeg Goldeyes : RHP Carlos Palacios
Pitching: RHP Carlos Palacios
Batting: RHB Tony Nunez 0-0: Called Strike
0-1: SINGLE (Line Drive, 78S, EV 98.1 MPH)
Batting: RHB Carlos Armenteros 0-0: Ball
1-0: Swinging Strike
1-1: Swinging Strike
1-2: Ball
2-2: Strikes out swinging
Batting: LHB George Moran 0-0: SINGLE (Line Drive, 5D, EV 115.0 MPH)
Tony Nunez to second
Batting: LHB Brad Gaskill 0-0: Called Strike
0-1: Ball
1-1: Swinging Strike
1-2: Strikes out swinging
Batting: LHB Glen Boyle 0-0: Called Strike
0-1: Ball
1-1: Ball
2-1: Ball
3-1: Base on Balls
Tony Nunez to third
George Moran to second
Batting: RHB Jeremiah Washington 0-0: Foul Ball, location: 2F
0-1: Ball
1-1: SINGLE (Flyball, 89S, EV 92.5 MPH)
Tony Nunez scores
George Moran to third
Glen Boyle to second
Pitching: LHP David Gordon
Batting: RHB Brandon Everett 0-0: Called Strike
0-1: Ball
1-1: Foul Ball, location: 2F
1-2: Ball
2-2: Strikes out swinging
Top of the 1st over - 1 run, 3 hits, 0 errors, 3 left on base; Detroit 1 - Winnipeg 0
BOTTOM OF THE 1ST
Winnipeg Goldeyes batting - Pitching for Detroit Red Wings : LHP Estêvão Cavadas
Pitching: LHP Estêvão Cavadas
Batting: RHB Willie Jimenez 0-0: Foul Ball, location: 2F
0-1: SINGLE (Flyball, 56D, EV 90.6 MPH)
Batting: RHB David McClellan 0-0: Ball
1-0: Swinging Strike
1-1: Fielders Choice at 2nd, 4-6 (Groundball, 4, EV 90.0 MPH)
Batting: RHB Steve Raine 0-0: Called Strike
0-1: Ball
David McClellan steals 2nd base
1-1: Swinging Strike
1-2: Ball
2-2: Foul Ball, location: 2F
2-2: Ball
3-2: Fly out, F8 (Flyball, 89XD, EV 101.3 MPH)
Batting: LHB Kuemon Shishido 0-0: Ground out U3 (Groundball, 34S, EV 70.6 MPH)
Bottom of the 1st over - 0 runs, 1 hit, 0 errors, 1 left on base; Detroit 1 - Winnipeg 0
TOP OF THE 2ND
Detroit Red Wings batting - Pitching for Winnipeg Goldeyes : LHP David Gordon
Batting: RHB Khalil Coleman 0-0: Fly out, F8 (Line Drive, 8RM, EV 106.9 MPH)
Batting: LHB Steve Herrera 0-0: Ball
1-0: Called Strike
1-1: Ball
2-1: Foul Ball, location: 2F
2-2: Strikes out swinging
Batting: RHB Tony Nunez 0-0: Ball
1-0: SINGLE (Line Drive, 56, EV 98.1 MPH)
Batting: RHB Carlos Armenteros 0-0: Ball
1-0: Swinging Strike
1-1: Ball
2-1: Swinging Strike
2-2: Strikes out swinging
Top of the 2nd over - 0 runs, 1 hit, 0 errors, 1 left on base; Detroit 1 - Winnipeg 0
BOTTOM OF THE 2ND
Winnipeg Goldeyes batting - Pitching for Detroit Red Wings : LHP Estêvão Cavadas
Batting: LHB Marvin Shepherd 0-0: Called Strike
0-1: Called Strike
0-2: SINGLE (Flyball, 34D, EV 89.4 MPH)
Batting: RHB Antonio Santos Balk!
Marvin Shepherd to second
0-0: Ball
1-0: Ball
2-0: Ball
3-0: Base on Balls
Batting: RHB Ton van Dijk 0-0: Ball
1-0: Foul Ball, location: 2F
1-1: Foul Ball, location: 2F
1-2: Ball
2-2: Fielders Choice at 2nd, 2-6 (Groundball, 2R, EV 65.6 MPH)
Marvin Shepherd to third
Batting: RHB Kenny Reynolds 0-0: Called Strike
0-1: Ball
1-1: Grounds into double play, 5-4-3 (Groundball, 5S, EV 77.5 MPH)
Bottom of the 2nd over - 0 runs, 1 hit, 0 errors, 1 left on base; Detroit 1 - Winnipeg 0
TOP OF THE 3RD
Detroit Red Wings batting - Pitching for Winnipeg Goldeyes : LHP David Gordon
Pitching: LHP Kevin Drew
Batting: LHB George Moran 0-0: Called Strike
0-1: Foul Ball, location: 2F
0-2: Ball
1-2: Ball
2-2: Strikes out looking
Batting: LHB Brad Gaskill 0-0: Ball
1-0: Called Strike
1-1: Called Strike
1-2: Strikes out swinging
Batting: LHB Glen Boyle 0-0: Called Strike
0-1: Swinging Strike
0-2: SINGLE (Groundball, 6D, EV 102.5 MPH)
Batting: RHB Jeremiah Washington 0-0: Called Strike
0-1: Ball
1-1: DOUBLE (Flyball, 89D, EV 110.0 MPH)
Glen Boyle to third
Batting: RHB Brandon Everett 0-0: Ball
1-0: Foul Ball, location: 2F
1-1: SINGLE (Line Drive, 9S, EV 101.9 MPH)
Glen Boyle scores
Jeremiah Washington to third
Pitching: RHP Larry Muttart
Batting: RHB Khalil Coleman 0-0: Ball
1-0: Ball
2-0: Foul Ball, location: 2F
2-1: Swinging Strike
2-2: Foul Ball, location: 2F
2-2: Strikes out swinging
Top of the 3rd over - 1 run, 3 hits, 0 errors, 2 left on base; Detroit 2 - Winnipeg 0
BOTTOM OF THE 3RD
Winnipeg Goldeyes batting - Pitching for Detroit Red Wings : LHP Estêvão Cavadas
Batting: RHB Ricky Pizarro 0-0: Ball
1-0: Called Strike
1-1: Ball
2-1: Foul Ball, location: 2F
2-2: Foul Ball, location: 2F
2-2: Foul Ball, location: 2F
2-2: DOUBLE (Line Drive, 5D, EV 93.8 MPH)
Batting: RHB Willie Jimenez 0-0: Ball
1-0: Fly out, F7 (Line Drive, 7, EV 85.6 MPH)
Batting: RHB David McClellan 0-0: Ground out 6-3 (Groundball, 56, EV 88.8 MPH)
Batting: RHB Steve Raine 0-0: Ball
1-0: Called Strike
1-1: Swinging Strike
1-2: Strikes out swinging
Bottom of the 3rd over - 0 runs, 1 hit, 0 errors, 1 left on base; Detroit 2 - Winnipeg 0
TOP OF THE 4TH
Detroit Red Wings batting - Pitching for Winnipeg Goldeyes : RHP Larry Muttart
Batting: LHB Steve Herrera 0-0: SINGLE (Flyball, 8LM, EV 98.8 MPH)
Batting: RHB Tony Nunez 0-0: Foul Ball, location: 2F
0-1: Foul Ball, location: 2F
0-2: Fly out, F7 (Line Drive, 7S, EV 105.0 MPH)
Batting: RHB Carlos Armenteros 0-0: Ball
1-0: Foul Ball, location: 2F
1-1: Ball
Wild Pitch!
Steve Herrera to second
2-1: Ground out 1-3 (Groundball, 13S, EV 61.9 MPH)
Steve Herrera to third
Batting: LHB George Moran 0-0: Ball
1-0: SINGLE (Line Drive, 8LS, EV 110.6 MPH)
Steve Herrera scores
Batting: LHB Brad Gaskill 0-0: Ball
1-0: Swinging Strike
1-1: Called Strike
1-2: Foul Ball, location: 2F
1-2: Ball
George Moran is caught stealing 2nd base 2-6
Top of the 4th over - 1 run, 2 hits, 0 errors, 0 left on base; Detroit 3 - Winnipeg 0
BOTTOM OF THE 4TH
Winnipeg Goldeyes batting - Pitching for Detroit Red Wings : LHP Estêvão Cavadas
Batting: LHB Kuemon Shishido 0-0: Foul Ball, location: 2F
0-1: Ball
1-1: Fly out, F4 (Line Drive, 4, EV 70.6 MPH)
Batting: LHB Marvin Shepherd 0-0: Called Strike
0-1: Ground out 4-3 (Groundball, 4, EV 88.1 MPH)
Batting: RHB Antonio Santos 0-0: Ground out 6-3 (Groundball, 6, EV 81.3 MPH)
Bottom of the 4th over - 0 runs, 0 hits, 0 errors, 0 left on base; Detroit 3 - Winnipeg 0
TOP OF THE 5TH
Detroit Red Wings batting - Pitching for Winnipeg Goldeyes : RHP Larry Muttart
Pitching: RHP Tim Weller
Batting: LHB Brad Gaskill 0-0: Ball
1-0: SINGLE (Line Drive, 89S, EV 95.6 MPH)
Batting: LHB Glen Boyle 0-0: Ball
1-0: Ball
2-0: Ball
3-0: Base on Balls
Brad Gaskill to second
Batting: RHB Jeremiah Washington 0-0: Ball
1-0: Fielders Choice at 3rd, U5 (Groundball, 5L, EV 104.4 MPH)
Glen Boyle to second
Batting: RHB Brandon Everett 0-0: Ball
1-0: Called Strike
1-1: Ball
2-1: SINGLE (Line Drive, 9LS, EV 104.4 MPH)
Glen Boyle to third
Jeremiah Washington to second
Batting: RHB Khalil Coleman 0-0: Ball
1-0: Swinging Strike
1-1: Foul Ball, location: 2F
1-2: Fielders Choice at 2nd, 5-4 (Groundball, 5S, EV 79.4 MPH)
Glen Boyle scores
Jeremiah Washington to third
Batting: LHB Steve Herrera 0-0: Foul Ball, location: 2F
0-1: Ball
1-1: Called Strike
1-2: Strikes out swinging
Top of the 5th over - 1 run, 2 hits, 0 errors, 2 left on base; Detroit 4 - Winnipeg 0
BOTTOM OF THE 5TH
Winnipeg Goldeyes batting - Pitching for Detroit Red Wings : LHP Estêvão Cavadas
Now at 3B: Juan Perez
Now at SS: Carlos Armenteros
Batting: RHB Ton van Dijk 0-0: Ball
1-0: Ground out 5-3 (Groundball, 56S, EV 78.8 MPH)
Batting: RHB Kenny Reynolds 0-0: Fly out, F8 (Line Drive, 8LD, EV 87.5 MPH)
Batting: RHB Ricky Pizarro 0-0: Ball
1-0: Ball
2-0: Ball
3-0: Called Strike
3-1: Foul Ball, location: 2F
3-2: Foul Ball, location: 2F
3-2: Base on Balls
Batting: RHB Willie Jimenez 0-0: Ball
1-0: Fly out, F9 (Flyball, 9S, EV 76.9 MPH)
Bottom of the 5th over - 0 runs, 0 hits, 0 errors, 1 left on base; Detroit 4 - Winnipeg 0
TOP OF THE 6TH
Detroit Red Wings batting - Pitching for Winnipeg Goldeyes : RHP Tim Weller
Pitching: RHP Tom Winsor
Batting: RHB Tony Nunez 0-0: Fly out, F8 (Flyball, 8RD, EV 90.0 MPH)
Batting: RHB Carlos Armenteros 0-0: Foul Ball, location: 2F
0-1: Called Strike
0-2: Strikes out looking
Batting: LHB George Moran 0-0: Foul Ball, location: 2F
0-1: SINGLE (Flyball, 8LS, EV 82.5 MPH)
Batting: LHB Brad Gaskill 0-0: Ball
1-0: Called Strike
1-1: Foul Ball, location: 2F
1-2: Foul Ball, location: 2F
1-2: Foul Ball, location: 2F
1-2: Ball
2-2: Ball
3-2: Strikes out looking
Top of the 6th over - 0 runs, 1 hit, 0 errors, 1 left on base; Detroit 4 - Winnipeg 0
BOTTOM OF THE 6TH
Winnipeg Goldeyes batting - Pitching for Detroit Red Wings : LHP Estêvão Cavadas
Batting: RHB David McClellan 0-0: Fly out, F8 (Flyball, 8LD, EV 98.8 MPH)
Batting: RHB Steve Raine 0-0: Ball
1-0: SINGLE (Groundball, 56S, EV 65.6 MPH) (infield hit)
Batting: LHB Kuemon Shishido 0-0: Ball
1-0: Ball
2-0: Foul Ball, location: 2F
2-1: SINGLE (Flyball, 8RS, EV 92.5 MPH)
Steve Raine to second
Batting: LHB Marvin Shepherd 0-0: Foul Ball, location: 2F
0-1: Called Strike
0-2: Ball
1-2: Fly out, F8 (Flyball, 8RD, EV 101.9 MPH)
Runner from 2nd tags up, SAFE at 3rd with throw by CF
Batting: RHB Antonio Santos 0-0: Ball
1-0: Called Strike
1-1: Ball
2-1: Ball
3-1: Called Strike
3-2: Ground out 5-3 (Groundball, 56, EV 93.1 MPH)
Bottom of the 6th over - 0 runs, 2 hits, 0 errors, 2 left on base; Detroit 4 - Winnipeg 0
TOP OF THE 7TH
Detroit Red Wings batting - Pitching for Winnipeg Goldeyes : RHP Tom Winsor
Pitching: RHP Scot Abbott
Batting: LHB Glen Boyle 0-0: Ground out 4-3 (Groundball, 4, EV 104.4 MPH)
Batting: RHB Jeremiah Washington 0-0: SOLO HOME RUN (Flyball, 7LD, EV 95.0 MPH), Distance : 367 ft
Batting: RHB Juan Perez 0-0: Called Strike
0-1: DOUBLE (Flyball, 8LXD, EV 96.9 MPH)
Batting: RHB Khalil Coleman 0-0: Ball
1-0: Ball
2-0: Foul Ball, location: 2F
2-1: Ball
3-1: Called Strike
3-2: Foul Ball, location: 2F
3-2: Foul Ball, location: 2F
3-2: Base on Balls
Batting: LHB Steve Herrera 0-0: Called Strike
0-1: Ball
1-1: 3-RUN HOME RUN (Flyball, 9LD, EV 95.6 MPH), Distance : 357 ft
Batting: RHB Tony Nunez 0-0: Ball
1-0: Swinging Strike
1-1: SOLO HOME RUN (Flyball, 7LD, EV 92.5 MPH), Distance : 354 ft
Batting: RHB Carlos Armenteros 0-0: SINGLE (Line Drive, 89M, EV 98.1 MPH)
Batting: LHB George Moran 0-0: Ball
1-0: Foul Ball, location: 2F
1-1: Ball
2-1: Foul Ball, location: 2F
2-2: SINGLE (Groundball, 4D, EV 98.1 MPH)
Carlos Armenteros to second
Pinch Hitting: SHB Eisse Wijnja 0-0: Called Strike
0-1: Called Strike
0-2: Ball
1-2: Ball
2-2: Ball
3-2: Strikes out looking
Carlos Armenteros steals 3rd base
Batter strikes out.
George Moran to second
Batting: LHB Glen Boyle 0-0: Ball
1-0: Ball
2-0: Called Strike
2-1: Ball
3-1: Called Strike
3-2: SINGLE (Line Drive, 89S, EV 105.6 MPH)
Carlos Armenteros scores
George Moran to third
Runner from 3rd tries for Home, SAFE, throw by RF to home
Pitching: RHP Aaron Elliott
Batting: RHB Jeremiah Washington 0-0: Ball
1-0: Swinging Strike
1-1: Ball
2-1: Ground out 5-3 (Groundball, 56S, EV 81.9 MPH)
Top of the 7th over - 7 runs, 7 hits, 0 errors, 1 left on base; Detroit 11 - Winnipeg 0
BOTTOM OF THE 7TH
Winnipeg Goldeyes batting - Pitching for Detroit Red Wings : LHP Estêvão Cavadas
Now at 1B: Eisse Wijnja
Pinch Hitting: RHB Dave Berry 0-0: Called Strike
0-1: Called Strike
0-2: Fly out, F8 (Flyball, 8RXD, EV 93.1 MPH)
Batting: RHB Kenny Reynolds 0-0: Ball
1-0: Ball
2-0: Called Strike
2-1: Ball
3-1: Fly out, F8 (Line Drive, 8LM, EV 96.9 MPH)
Batting: RHB Ricky Pizarro 0-0: Ball
1-0: Foul Ball, location: 2F
1-1: Ball
2-1: Foul Ball, location: 2F
2-2: Foul Ball, location: 2F
2-2: Ball
3-2: Foul Ball, location: 2F
3-2: Fly out, F5 (Popup, 56S, EV 86.3 MPH)
Bottom of the 7th over - 0 runs, 0 hits, 0 errors, 0 left on base; Detroit 11 - Winnipeg 0
TOP OF THE 8TH
Detroit Red Wings batting - Pitching for Winnipeg Goldeyes : RHP Aaron Elliott
Now in LF: Dave Berry
Now in CF: Willie Jimenez
Now in RF: Marvin Shepherd
Batting: RHB Juan Perez 0-0: Ball
1-0: Called Strike
1-1: Fly out, F8 (Flyball, 8LS, EV 95.6 MPH)
Batting: RHB Khalil Coleman 0-0: Hit by Pitch
Batting: LHB Steve Herrera 0-0: Called Strike
0-1: Swinging Strike
0-2: Strikes out swinging
Batting: RHB Tony Nunez 0-0: Called Strike
0-1: Ball
1-1: Ball
2-1: Ball
3-1: Base on Balls
Khalil Coleman to second
Batting: RHB Carlos Armenteros 0-0: Ball
1-0: Ball
2-0: Ball
3-0: Base on Balls
Khalil Coleman to third
Tony Nunez to second
Batting: LHB George Moran 0-0: Ground out 4-3 (Groundball, 4, EV 106.3 MPH)
Top of the 8th over - 0 runs, 0 hits, 0 errors, 3 left on base; Detroit 11 - Winnipeg 0
BOTTOM OF THE 8TH
Winnipeg Goldeyes batting - Pitching for Detroit Red Wings : LHP Estêvão Cavadas
Pinch Hitting: RHB Caleb Bockmann 0-0: Called Strike
0-1: Ball
1-1: Ball
2-1: Called Strike
2-2: Ball
3-2: Base on Balls
Pinch Hitting: RHB Sergio Gomez 0-0: Foul Ball, location: 2F
0-1: Foul Ball, location: 2F
0-2: Strikes out swinging
Batting: RHB Steve Raine 0-0: Ball
1-0: Ball
2-0: Ball
3-0: Base on Balls
Caleb Bockmann to second
Batting: LHB Kuemon Shishido 0-0: Ball
1-0: Foul Ball, location: 2F
1-1: Called Strike
1-2: Ball
2-2: Fly out, F4 (Line Drive, 4, EV 68.1 MPH)
Batting: LHB Marvin Shepherd 0-0: Ball
1-0: Foul Ball, location: 2F
1-1: Foul Ball, location: 2F
1-2: Ground out 5-3 (Groundball, 5S, EV 68.8 MPH)
Bottom of the 8th over - 0 runs, 0 hits, 0 errors, 2 left on base; Detroit 11 - Winnipeg 0
TOP OF THE 9TH
Detroit Red Wings batting - Pitching for Winnipeg Goldeyes : RHP Aaron Elliott
Now at SS: Sergio Gomez
Now in CF: Steve Terrell
Batting: SHB Eisse Wijnja 0-0: Called Strike
0-1: Ball
1-1: Fly out, F7 (Flyball, 78S, EV 83.8 MPH)
Batting: LHB Glen Boyle 0-0: Ball
1-0: Called Strike
1-1: Ball
2-1: Called Strike
2-2: Fly out, F9 (Flyball, 9S, EV 86.9 MPH)
Batting: RHB Jeremiah Washington 0-0: Called Strike
0-1: Ground out 5-3 (Groundball, 56D, EV 99.4 MPH)
Top of the 9th over - 0 runs, 0 hits, 0 errors, 0 left on base; Detroit 11 - Winnipeg 0
BOTTOM OF THE 9TH
Winnipeg Goldeyes batting - Pitching for Detroit Red Wings : LHP Estêvão Cavadas
Pinch Hitting: RHB Jeremy Witt 0-0: Ball
1-0: Swinging Strike
1-1: Called Strike
1-2: Foul Ball, location: 2F
1-2: Foul Ball, location: 2F
1-2: Fly out, F8 (Flyball, 78D, EV 105.0 MPH)
Pitching: RHP Adam Fisher
Batting: RHB Dave Berry 0-0: Foul Ball, location: 2F
0-1: Ball
1-1: Ball
2-1: Foul Ball, location: 2F
2-2: Strikes out swinging
Batting: RHB Kenny Reynolds 0-0: Called Strike
0-1: Ball
1-1: Ball
2-1: Called Strike
2-2: Foul Ball, location: 2F
2-2: Ball
3-2: Strikes out looking
Bottom of the 9th over - 0 runs, 0 hits, 0 errors, 0 left on base; Detroit 11 - Winnipeg 0
Thursday, March 31st , 2022 - OOTP Baseball 22.12 Build 89